Description

TvZ early drop -> Hellion Bansh -> Bio WM -> ghost

Replay - Multitask trainer by Mave (terran) (75)

Build Order

Get SALT Encoding   

  12  0:01  SCV  
  13  0:13  SCV  
  14  0:19  Supply Depot  
  14  0:25  SCV  
  15  0:40  SCV  
  15  0:42  Barracks  
  16  0:45  Refinery  
  16  0:53  SCV  
  17  1:06  SCV  
  18  1:18  SCV  
  19  1:29  Marine  
  19  1:30  Orbital Command  
  20  1:47  Command Center  
  20  1:55  SCV  
  21  2:01  Factory  
  21  2:06  Barracks Reactor  
  21  2:08  SCV  
  22  2:15  Supply Depot  
  22  2:20  SCV  
  23  2:23  Refinery  
  23  2:37  SCV  
  23  2:42  Marine x2  
  26  2:45  Starport  
  26  2:47  Hellion  
  26  2:51  SCV  
  29  3:00  Orbital Command  
  29  3:03  SCV  
  29  3:04  Marine x2  
  32  3:13  Widow Mine  
  32  3:15  SCV  
  35  3:22  Supply Depot  
  35  3:25  Medivac  
  37  3:29  SCV x2  
  39  3:41  SCV x2, Barracks Tech Lab  
  40  3:44  Hellion x2  
  45  3:53  SCV  
  46  3:55  Supply Depot  
  46  3:57  Starport Tech Lab  
  46  4:00  SCV  
  47  4:05  Hellion x2  
  47  4:08  SCV  
  52  4:15  SCV  
  53  4:18  Supply Depot  
  53  4:21  Banshee  
  56  4:26  Hyperflight Rotors  
  56  4:27  SCV x2  
  58  4:39  SCV x2  
  58  4:43  Command Center  
  60  4:51  SCV, Marine  
  60  4:52  Stimpack  
  62  4:54  Barracks  
  62  4:58  SCV  
  63  5:00  Factory Reactor  
  63  5:04  Barracks  
  63  5:05  Supply Depot  
  63  5:10  Banshee  
  63  5:13  SCV x2  
  68  5:24  Engineering Bay x2  
  68  5:25  SCV x2  
  70  5:34  Supply Depot  
  70  5:37  SCV x2  
  70  5:41  Refinery, Marine x3  
  75  5:49  SCV x2  
  76  5:52  Factory Reactor  
  76  5:53  Refinery  
  77  5:57  Supply Depot  
  77  5:59  Orbital Command  
  77  6:01  Terran Infantry Weapons Level 1, SCV x2, Terran Infantry Armor Level 1  
  79  6:09  Marine x2  
  81  6:13  SCV x2  
  81  6:18  Marine x3  
  85  6:19  Supply Depot  
  86  6:26  Marine  
  86  6:28  SCV x3  
  90  6:33  Marine x3  
  93  6:40  SCV x3  
  96  6:48  Armory, Supply Depot  
  96  6:52  SCV x3, Marine x4  
  96  6:53  Combat Shield  
  101  6:54  Medivac x2  
  101  6:56  Factory Reactor  
  101  6:57  Factory  
  107  7:03  Refinery  
  107  7:05  SCV x2  
  109  7:10  Barracks x2  
  109  7:13  Marine x5  
  109  7:14  Supply Depot  
  114  7:24  Medivac x2  
  114  7:28  SCV x2  
  119  7:31  Marine x2  
  119  7:33  Command Center  
  119  7:37  Supply Depot  
  122  7:42  Marine x3  
  125  7:44  Supply Depot  
  125  7:47  Widow Mine x2, Siege Tank  
  125  7:51  SCV  
  133  7:53  Supply Depot  
  133  7:54  Refinery  
  133  7:57  Barracks Reactor x2  
  133  7:58  Marine x3  
  136  8:05  Marine x2  
  136  8:08  Supply Depot x2  
  138  8:14  Widow Mine x2  
  138  8:16  Marine x3  
  145  8:23  Marine x2  
  145  8:26  Widow Mine  
  149  8:28  Concussive Shells  
  149  8:32  Supply Depot x2  
  149  8:33  Marine x7  
  150  8:36  Widow Mine x2  
  150  8:38  Medivac x2  
  150  8:41  Marine x2  
  164  8:47  Widow Mine  
  168  8:51  Marine x6  
  168  8:53  Planetary Fortress  
  168  8:55  Supply Depot x2  
  174  8:57  Widow Mine  
  174  9:00  Marine x3  
  179  9:04  Missile Turret x3  
  179  9:09  Marine x5  
  180  9:13  Widow Mine x2  
  188  9:19  Widow Mine  
  188  9:22  Marine x4  
  197  9:32  Ghost Academy  
  197  9:39  Barracks x3  
Spawning Tool Build Advisor. Get it on Overwolf

Go to:

Details

  • Created by: lucahecker
  • Published on: Dec 03, 2021
  • Modified on: Dec 03, 2021
  • Patch: 4.11.0
  • Difficulty: Hard
Show
View Real Time Build Order
Export as new Build Order

Comments (0)

There are no comments. Be the first!

Create an account to comment!